AoeStats
← Blazing Cartesia, The Virtuous

Arabia

503551191Analyzed
1v1 RM · 1mo ago on Sep 1, 2026· 31m 3s· 2 players
Game mode
Random Map
Map size
Tiny (2 player)
Population
200
Speed
Normal
Resources
Standard
Victory
Conquest
Starting age
Dark Age
Ending age
Imperial Age
RankedLock teamsTeams togetherTeam positionsShared explorationLock speedFull tech treeHidden civsTurbo modeCheats
Victory
Defeat
🇲🇽 Bohemians · Mexico
1260
+16
1265
-16
Iguano Pop
7:01 Loom
9:34 Feudal Age
10:03 Town Watch
10:43 Double-Bit Axe
16:44 Fletching
18:23 Padded Archer Armor
23:37 Castle Age
24:16 Bodkin Arrow
24:17 Crossbowman
26:42 Ballistics
28:48 Chemistry
Blazing Cartesia, The Virtuous
6:53 Loom
9:13 Feudal Age
9:48 Double-Bit Axe
13:22 Fletching
14:40 Padded Archer Armor
21:27 Castle Age
22:03 Bodkin Arrow
21:34 Elite Skirmisher
23:57 Ballistics
Connection lost

Rejoining the realm…

Still unreachable

The connection could not be restored.

Session expired

The server has moved on; the page needs a fresh start.